 Dungeon Crawl Stone Soup version 0.27-a0-1196-g3e9cee4cb2 (webtiles) character file.

Game seed: 428282383098116483

7562 Gargoyl the Fighter (level 11, -3/97 HPs)
             Began as a Gnoll Abyssal Knight on May 29, 2021.
             Was an Elder of Lugonu.
             Succumbed to a green ugly thing's poison
             ... on level 9 of the Dungeon.
             The game lasted 00:12:36 (12271 turns).

Gargoyl the Fighter (Gnoll Abyssal Knight)         Turns: 12271, Time: 00:12:37

Health: -3/97      AC: 16    Str: 14    XL:     11   Next: 17%
Magic:  20/20      EV:  6    Int: 13    God:    Lugonu [****..]
Gold:   469        SH: 15    Dex: 13    Spells: 22/22 levels left

rFire    . . .     SeeInvis +   a - +1 hand axe (drain)
rCold    . . .     Faith    .   B - +0 kite shield
rNeg     . . .     Spirit   .   p - +0 chain mail
rPois    .         Reflect  +   j - +0 helmet {SInv}
rElec    .         Harm     .   x - +2 cloak
rCorr    .         Rampage  .   g - +0 pair of gloves
Will     +....     Rnd*Rage +   (no boots)
Stlth    ..........             A - amulet of reflection
HPRegen  0.26/turn              c - ring of willpower
MPRegen  0.17/turn              e - ring of flight

@: mighty, lethally poisoned (-3 -> -49), on berserk cooldown, flying, slowed,
very slow
A: fangs 1, strong nose, distributed training, berserk 1, clever 1, robust 1
a: Renounce Religion, Depart the Abyss, Bend Space, Banish, Corrupt


You were on level 9 of the Dungeon.
You worshipped Lugonu.
Lugonu was greatly pleased with you.
You visited 1 branch of the dungeon, and saw 9 of its levels.
You visited the Abyss 1 time.

You collected 469 gold pieces.

Inventory:

Hand Weapons
 a - a +1 hand axe of draining (weapon)
 i - a +2 hand axe
 s - a +0 war axe
Missiles
 f - 4 curare-tipped darts (quivered)
 l - a throwing net
 o - 8 atropa-tipped darts
Armour
 g - a +0 pair of gloves (worn)
 j - a +0 helmet of see invisible (worn)
 p - a +0 chain mail (worn)
 x - a +2 cloak (worn)
 B - a +0 kite shield (worn)
Jewellery
 c - a ring of willpower (left hand)
 e - a ring of flight (right hand)
 A - an amulet of reflection (around neck)
Wands
 r - a wand of mindburst (3)
 t - a wand of polymorph (8)
 w - a wand of flame (33)
Scrolls
 b - 4 scrolls of identify
 d - 2 scrolls of fear
 h - a scroll of noise {unknown}
 k - 2 scrolls of vulnerability {unknown}
 m - a scroll of enchant armour {unknown}
 n - 3 scrolls of blinking {unknown}
 u - 4 scrolls of teleportation {unknown}
 y - a scroll of torment {unknown}
Potions
 v - a potion of magic {unknown}
Miscellaneous
 z - a piece from Xom's chessboard (15/15)


   Skills:
 + Level 9.0 Fighting
 + Level 6.0 Short Blades
 + Level 6.0 Long Blades
 + Level 7.6 Axes
 + Level 6.0 Maces & Flails
 + Level 6.0 Polearms
 + Level 6.0 Staves
 + Level 6.0 Slings
 + Level 6.0 Bows
 + Level 6.0 Crossbows
 + Level 6.0 Throwing
 + Level 7.6 Armour
 + Level 6.6 Dodging
 + Level 6.0 Stealth
 + Level 6.0 Shields
 + Level 6.0 Unarmed Combat
 + Level 6.0 Spellcasting
 + Level 5.0 Conjurations
 + Level 5.0 Hexes
 + Level 5.0 Summonings
 + Level 5.0 Necromancy
 + Level 5.0 Translocations
 + Level 5.0 Transmutations
 + Level 5.0 Fire Magic
 + Level 5.0 Ice Magic
 + Level 5.0 Air Magic
 + Level 5.0 Earth Magic
 + Level 5.0 Poison Magic
 + Level 8.1 Invocations
 + Level 6.0 Evocations


You had 22 spell levels left.
You didn't know any spells.
Your spell library contained the following spells:

 Spells                   Type           Power      Damage    Failure   Level
 Sandblast                Erth           34%        2d9       75%         1
 Shock                    Conj/Air       68%        1d7       75%         1
 Summon Small Mammal      Summ           68%        N/A       75%         1
 Call Imp                 Summ           17%        N/A       87%         2
 Passwall                 Tmut/Erth      14%        N/A       87%         2
 Call Canine Familiar     Summ           17%        N/A       98%         3
 Ignite Poison            Fire/Tmut/Pois 17%        N/A       98%         3
 Mephitic Cloud           Conj/Pois/Air  17%        N/A       98%         3
 Stone Arrow              Conj/Erth      34%        3d9       98%         3
 Summon Guardian Golem    Hex/Summ       17%        N/A       98%         3
 Cause Fear               Hex            8%         N/A       100%        4
 Fulminant Prism          Conj/Hex       8%         3d7       100%        4
 Hailstorm                Conj/Ice       17%        3d6       100%        4
 Petrify                  Tmut/Erth      17%        N/A       100%        4
 Summon Ice Beast         Ice/Summ       17%        N/A       100%        4
 Summon Lightning Spire   Summ/Air       17%        N/A       100%        4
 Irradiate                Conj/Tmut      8%         3d16      100%        5
 Lee's Rapid Deconstruct  Erth           8%         3d8*      100%        5
 Silence                  Hex/Air        8%         N/A       100%        5
 Yara's Violent Unravell  Hex/Tmut       8%         3d5       100%        5
 Discord                  Hex            8%         N/A       100%        8


Dungeon Overview and Level Annotations

Branches:
Dungeon (9/15)             Temple (0/1) D:7
   Lair: D:8-11         Orc: D:9-12

Altars:
Ashenzari
Cheibriados
Dithmenos
Elyvilon
Gozag
Hepliaklqana
Kikubaaqudgha
Nemelex Xobeh
Okawaru
Qazlal
Ru
Xom

Shops:
D:4 [

Annotations:
Abyss:1 Maggie


Innate Abilities, Weirdness & Mutations

You have very sharp teeth.
Your uncanny sense of smell can sniff out nearby items.
Your experience applies equally to all skills.
You tend to lose your temper in combat.
Your mind is acute. (Int +2)
You are robust. (+10% HP)


Message History

Your Summonings skill increases to level 5!
Your Necromancy skill increases to level 5!
Your Translocations skill increases to level 5!
Your Transmutations skill increases to level 5!
Your Fire Magic skill increases to level 5!
Your Ice Magic skill increases to level 5!
Your Air Magic skill increases to level 5!
Your Earth Magic skill increases to level 5!
Your Poison Magic skill increases to level 5!
Unknown command.
You closely miss the green ugly thing.
You block the green ugly thing's attack.
You slash the green ugly thing! You drain the green ugly thing.
Your bite misses the green ugly thing.
The green ugly thing is moderately wounded.
The green ugly thing pecks you.
* * * LOW HITPOINT WARNING * * *
You are poisoned.
The green ugly thing poisons you!
You hit the green ugly thing.
The green ugly thing is moderately wounded.
You feel very sick.
You block the green ugly thing's attack.
You barely miss the green ugly thing.
The green ugly thing is moderately wounded.
You feel sick.
Unknown command.
You slash the green ugly thing!
The green ugly thing is heavily wounded.
You are no longer berserk.
You are exhausted.
You feel yourself slow down.
You feel very sick. The green ugly thing pecks you!
* * * LOW HITPOINT WARNING * * *
You are lethally poisoned!
The green ugly thing poisons you!
You barely miss the green ugly thing. Your bite misses the green ugly thing.
The green ugly thing is heavily wounded.
You die...

..# #........# #......... ..###
#........# #......... ..'.####
#........######....†....
..#....###........##...'.........
..####...............###.........
..# #####........#### #.........
..# ####.##### #......... ###
#....# ##'####### ####@# #..##
##### #u# ##..## ....#
########u##### ##..# ....#
#.......u....# ####.#### ....#
#.>..........####...<.... ....#
#..........u...##########
....#####............#...#G...#!
....##...............##..#.#.#.#
.......##............##..'...!#.


You could see 3 ugly things.

Vanquished Creatures
  A two-headed ogre (D:9)
  Pikel (D:7)
  An ugly thing (D:9)
  A troll (D:9)
  Prince Ribbit (D:5)
  Sigmund (D:5)
  6 yaks (D:9)
  Eustachio (D:6)
  Duvessa (D:4)
  3 water moccasins
  2 sky beasts
  4 orc warriors
  2 necrophages
  2 centaurs
  An ogre (D:4)
  A phantom (D:5)
  3 lemures (D:7)
  A kobold brigand (D:8)
  4 bullfrogs
  A gnoll sergeant (D:6)
  A scorpion (D:7)
  Dowan (D:4)
  A wyvern skeleton (D:4)
  2 water moccasin skeletons
  8 wights
  The ghost of c557223 the Firebug, a weakling DgFE (D:4)
  A howler monkey (D:4)
  A bullfrog zombie (D:4)
  Crazy Yiuf (D:7)
  2 centaur zombies
  2 hounds
  A centaur skeleton (D:5)
  5 orc priests
  A bullfrog skeleton (D:6)
  3 iguanas
  9 orc wizards
  A killer bee zombie (D:7)
  A hound skeleton (D:4)
  A howler monkey zombie (D:7)
  Robin (D:2)
  8 gnolls
  7 adders
  A shadow imp (D:5)
  An ufetubus (Abyss:1)
  An adder zombie (D:5)
  3 worms
  5 dart slugs
  23 orcs
  8 endoplasms
  14 giant cockroaches
  8 goblins
  5 hobgoblins
  9 jackals (D:1)
  7 quokkas
  11 ball pythons
  3 bats
  4 frilled lizards
  9 kobolds
  3 rats
  2 butterflies (D:9)
214 creatures vanquished.

Vanquished Creatures (others)
  A human (D:8)
  A quokka (D:5)
2 creatures vanquished.

Grand Total: 216 creatures vanquished

Notes
Turn   | Place    | Note
-------+----------+-------------------------------------------
     0 | Abyss:1  | Gargoyl the Gnoll Abyssal Knight began the quest for the
                  | Orb.
     0 | Abyss:1  | Reached XP level 1. HP: 23/23 MP: 3/3
   167 | Abyss:1  | Noticed a ynoxinul
   193 | Abyss:1  | Noticed a worldbinder
   198 | D:1      | Escaped the Abyss
   534 | D:1      | Reached XP level 2. HP: 23/29 MP: 5/5
   880 | D:1      | Reached * piety under Lugonu
  1258 | D:1      | Reached XP level 3. HP: 24/35 MP: 6/6
  1870 | D:2      | Reached skill level 1 in Short Blades
  1870 | D:2      | Reached skill level 1 in Long Blades
  1870 | D:2      | Reached skill level 1 in Maces & Flails
  1870 | D:2      | Reached skill level 1 in Polearms
  1870 | D:2      | Reached skill level 1 in Staves
  1870 | D:2      | Reached skill level 1 in Slings
  1870 | D:2      | Reached skill level 1 in Bows
  1870 | D:2      | Reached skill level 1 in Crossbows
  1870 | D:2      | Reached skill level 1 in Throwing
  1870 | D:2      | Reached skill level 1 in Stealth
  1870 | D:2      | Reached skill level 1 in Shields
  1870 | D:2      | Reached skill level 1 in Unarmed Combat
  1870 | D:2      | Reached skill level 1 in Spellcasting
  1870 | D:2      | Reached skill level 1 in Evocations
  2070 | D:2      | Noticed Robin
  2074 | D:2      | Reached XP level 4. HP: 40/41 MP: 7/7
  2086 | D:2      | Killed Robin
  2168 | D:2      | Found a sacrificial altar of Ru.
  2400 | D:2      | Reached ** piety under Lugonu
  2647 | D:3      | Reached skill level 1 in Conjurations
  2647 | D:3      | Reached skill level 1 in Hexes
  2647 | D:3      | Reached skill level 1 in Summonings
  2647 | D:3      | Reached skill level 1 in Necromancy
  2647 | D:3      | Reached skill level 1 in Translocations
  2647 | D:3      | Reached skill level 1 in Transmutations
  2647 | D:3      | Reached skill level 1 in Fire Magic
  2647 | D:3      | Reached skill level 1 in Ice Magic
  2647 | D:3      | Reached skill level 1 in Air Magic
  2647 | D:3      | Reached skill level 1 in Earth Magic
  2647 | D:3      | Reached skill level 1 in Poison Magic
  2935 | D:3      | Found an iron altar of Okawaru.
  3470 | D:3      | Reached XP level 5. HP: 47/47 MP: 8/8
  3543 | D:3      | Identified the Collected Works on the Destructive Arsonist
  3896 | D:4      | Found an opulent altar of Gozag.
  3896 | D:4      | Found a sparkling altar of Nemelex Xobeh.
  4053 | D:4      | Found a runed translucent gate.
  4053 | D:4      | Found a runed translucent gate.
  4053 | D:4      | Found a runed translucent gate.
  4054 | D:4      | Noticed c557223's ghost (weakling DgFE)
  4059 | D:4      | Noticed an ogre
  4064 | D:4      | Noticed Duvessa
  4067 | D:4      | Killed an ogre
  4067 | D:4      | Noticed Dowan
  4068 | D:4      | Reached skill level 5 in Invocations
  4068 | D:4      | Reached XP level 6. HP: 41/53 MP: 9/9
  4091 | D:4      | Killed Duvessa
  4091 | D:4      | Reached *** piety under Lugonu
  4092 | D:4      | Reached skill level 5 in Axes
  4092 | D:4      | Reached skill level 5 in Armour
  4111 | D:4      | Killed Dowan
  4112 | D:4      | Reached XP level 7. HP: 25/59 MP: 10/10
  4395 | D:4      | Reached skill level 7 in Fighting
  4603 | D:4      | Found Kiefapp's Antique Armour Shoppe.
  4798 | D:4      | Found a shadowy altar of Dithmenos.
  4801 | D:4      | Found a sacrificial altar of Ru.
  4801 | D:4      | Found a broken altar of Ashenzari.
  4804 | D:4      | Found a stormy altar of Qazlal.
  4942 | D:4      | Killed c557223's ghost
  5279 | D:5      | Entered Level 5 of the Dungeon
  5351 | D:5      | Reached XP level 8. HP: 67/67 MP: 12/12
  5415 | D:5      | Found a white marble altar of Elyvilon.
  5450 | D:5      | Noticed Sigmund
  5462 | D:5      | Killed Sigmund
  5714 | D:5      | Noticed Prince Ribbit
  5739 | D:5      | Gained mutation: You tend to lose your temper in combat.
                  | [potion of mutation]
  5739 | D:5      | Gained mutation: Your mind is acute. (Int +2) [potion of
                  | mutation]
  5739 | D:5      | Gained mutation: You are robust. (+10% HP) [potion of
                  | mutation]
  5747 | D:5      | Killed Prince Ribbit
  6420 | D:5      | Identified the amulet of Sif Muna's Castigation {Spirit
                  | rC++ Str+2}
  6467 | D:5      | You are sucked into a shaft and drop 2 floors!
  6472 | D:7      | Noticed Maggie
  6500 | D:7      | Banished Maggie
  6501 | D:7      | Reached XP level 9. HP: 22/80 MP: 5/14
  6844 | D:6      | Noticed Eustachio
  6874 | D:6      | Killed Eustachio
  7339 | D:5      | Reached skill level 5 in Dodging
  7647 | D:6      | Reached skill level 8 in Fighting
  7894 | D:6      | Found a snail-covered altar of Cheibriados.
  8360 | D:6      | Reached **** piety under Lugonu
  8660 | D:7      | Found a staircase to the Ecumenical Temple.
  8732 | D:7      | Noticed Pikel
  9058 | D:7      | Killed Pikel
  9059 | D:7      | Reached skill level 5 in Short Blades
  9059 | D:7      | Reached skill level 5 in Long Blades
  9059 | D:7      | Reached skill level 5 in Maces & Flails
  9059 | D:7      | Reached skill level 5 in Polearms
  9059 | D:7      | Reached skill level 5 in Staves
  9059 | D:7      | Reached skill level 5 in Slings
  9059 | D:7      | Reached skill level 5 in Bows
  9059 | D:7      | Reached skill level 5 in Crossbows
  9059 | D:7      | Reached skill level 5 in Throwing
  9059 | D:7      | Reached skill level 5 in Stealth
  9059 | D:7      | Reached skill level 5 in Shields
  9059 | D:7      | Reached skill level 5 in Unarmed Combat
  9059 | D:7      | Reached skill level 5 in Spellcasting
  9059 | D:7      | Reached skill level 5 in Evocations
  9059 | D:7      | Reached XP level 10. HP: 89/89 MP: 15/17
  9216 | D:7      | Found a runed translucent door.
  9217 | D:7      | Noticed Crazy Yiuf
  9303 | D:7      | Noticed a five-headed hydra
  9312 | D:7      | Banished a five-headed hydra
  9923 | D:7      | Killed Crazy Yiuf
 10427 | D:8      | Found an ancient bone altar of Kikubaaqudgha.
 11250 | D:9      | Found a shimmering altar of Xom.
 11314 | D:9      | Noticed a two-headed ogre
 11325 | D:9      | Killed a two-headed ogre
 11657 | D:9      | Reached XP level 11. HP: 84/95 MP: 17/19
 11882 | D:9      | Found a hazy altar of Hepliaklqana.
 11895 | D:9      | Reached skill level 9 in Fighting
 11976 | D:9      | Noticed a glowing orange brain
 11977 | D:9      | Found a runed translucent gate.
 11977 | D:9      | Found a runed translucent gate.
 11977 | D:9      | Noticed a white ugly thing
 11977 | D:9      | Noticed a purple ugly thing
 11978 | D:9      | Found a runed translucent gate.
 11978 | D:9      | Noticed a cyan ugly thing
 11979 | D:9      | Noticed a green ugly thing
 12265 | D:9      | Killed a green ugly thing
 12266 | D:9      | Reached skill level 5 in Conjurations
 12266 | D:9      | Reached skill level 5 in Hexes
 12266 | D:9      | Reached skill level 5 in Summonings
 12266 | D:9      | Reached skill level 5 in Necromancy
 12266 | D:9      | Reached skill level 5 in Translocations
 12266 | D:9      | Reached skill level 5 in Transmutations
 12266 | D:9      | Reached skill level 5 in Fire Magic
 12266 | D:9      | Reached skill level 5 in Ice Magic
 12266 | D:9      | Reached skill level 5 in Air Magic
 12266 | D:9      | Reached skill level 5 in Earth Magic
 12266 | D:9      | Reached skill level 5 in Poison Magic
 12271 | D:9      | Succumbed to a green ugly thing's poison

Illustrated notes

Levels and vault maps discovered:
D:1:      scummos_arrival_gate, layout_basic, minmay_tetromino_i4
D:2:      layout_basic, basic_altar, minmay_misc_feat_cross, uniq_robin
D:3:      minmay_roachtagon, layout_basic, kennysheep_okawaru_gauntlet
D:4:      layout_gridville, grunt_temple_overflow_opulence,
          grunt_temple_overflow_open, gammafunk_ghost_necromancy, serial_shops,
          shop, chequers_garden, kennysheep_doodads, hangedman_decor_slide_cut,
          chequers_serial_rivers_micro_a, uniq_duvessa
D:5:      layout_basic, elyvilon_altar_4, uniq_prince_ribbit1, uniq_sigmund,
          uniq_edmund
D:6:      layout_gridville, general_overflow_altar, uniq_eustachio
D:7:      layout_loops_cross, minmay_temple_entry_statues_fountains,
          minmay_crystal_water, nicolae_sextant, uniq_maggie,
          uniq_crazy_yiuf_cottage, uniq_pikel
D:8:      layout_basic, tgw_kikubaaqudgha, hex_large
D:9:      layout_roguey, overflow_temple_1_default, xom_butterflies,
          ploomutoo_gammafunk_ghost_potion_laboratory

Skill      XL: |  1  2  3  4  5  6  7  8  9 10 11 |
---------------+----------------------------------+-----
Short Blades   | 1 2 3 5 6 |  6.0
Long Blades    | 1 2 3 5 6 |  6.0
Maces & Flails | 1 2 3 5 6 |  6.0
Polearms       | 1 2 3 5 6 |  6.0
Staves         | 1 2 3 5 6 |  6.0
Slings         | 1 2 3 5 6 |  6.0
Bows           | 1 2 3 5 6 |  6.0
Crossbows      | 1 2 3 5 6 |  6.0
Throwing       | 1 2 3 5 6 |  6.0
Stealth        | 1 2 3 5 6 |  6.0
Shields        | 1 2 3 5 6 |  6.0
Unarmed Combat | 1 2 3 5 6 |  6.0
Spellcasting   | 1 2 3 5 6 |  6.0
Evocations     | 1 2 3 5 6 |  6.0
Conjurations   | 1 2 3 4 5 |  5.0
Hexes          | 1 2 3 4 5 |  5.0
Summonings     | 1 2 3 4 5 |  5.0
Necromancy     | 1 2 3 4 5 |  5.0
Translocations | 1 2 3 4 5 |  5.0
Transmutations | 1 2 3 4 5 |  5.0
Fire Magic     | 1 2 3 4 5 |  5.0
Ice Magic      | 1 2 3 4 5 |  5.0
Air Magic      | 1 2 3 4 5 |  5.0
Earth Magic    | 1 2 3 4 5 |  5.0
Poison Magic   | 1 2 3 4 5 |  5.0
Dodging        | 3 4 5 6 |  6.6
Invocations    | 5 6 7 8 |  8.1
Axes           | 5 6 7 |  7.6
Armour         | 5 6 7 |  7.6
Fighting       | 7 8 9 |  9.0

Action                   |  1- 3 |  4- 6 |  7- 9 | 10-12 || total
-------------------------+-------+-------+-------+-------++-------
Melee: Hand axe          |   100 |   141 |   429 |   255 ||   925
       Bite              |     5 |     9 |    41 |    32 ||    87
       Punch             |       |     2 |     5 |     5 ||    12
Throw: Dart              |       |     5 |     6 |     6 ||    17
Invok: Depart the Abyss  |     1 |       |       |       ||     1
       Banish            |       |       |     2 |     4 ||     6
       Bend Space        |       |       |     1 |       ||     1
  Use: Scroll            |       |     7 |     1 |       ||     8
       Potion            |       |     3 |     7 |     1 ||    11
 Stab: Sleeping          |       |     1 |       |       ||     1
Armor: Leather armour    |    31 |       |       |       ||    31
       Ring mail         |    11 |    78 |    31 |       ||   120
       Skin              |       |    10 |       |       ||    10
       Chain mail        |       |       |   249 |   146 ||   395
Dodge: Dodged            |    90 |   116 |   221 |   101 ||   528
Block: Kite shield       |       |       |       |    13 ||    13
       Other             |       |       |       |     3 ||     3

Table legend: (Time is in decaauts)
 A = Elapsed time spent in this place.
 B = Non-inter-level travel time spent in this place.
 C = Inter-level travel time spent in this place.
 D = Time resting spent in this place.
 E = Time spent auto-exploring this place.
 F = Levels seen in this place.
 G = Mean time per level.
                   A        B        C        D        E       F      G
               +--------+--------+--------+--------+--------+-----+--------+
         Total |  12289 |  12129 |    160 |   1367 |   8488 |  10 | 1228.9 |
       Dungeon |  12091 |  11931 |    160 |   1367 |   8330 |   9 | 1343.4 |
         Abyss |    197 |    197 |      0 |      0 |    158 |   1 |  197.0 |
               +--------+--------+--------+--------+--------+-----+--------+

Top non-repeatable levels by time:
     D:7: 1691 daAuts
     D:1: 1639 daAuts
     D:5: 1583 daAuts
     D:6: 1496 daAuts
     D:4: 1401 daAuts
     D:3: 1227 daAuts
     D:9: 1217 daAuts
     D:8: 1024 daAuts
     D:2: 811 daAuts
 Abyss:1: 197 daAuts
